 Dungeon Crawl Stone Soup version 0.28-a0-21-gf74fda84f9 (webtiles) character file.

Game seed: 8572737805223759132

9706 Spaninq the Basher (level 11, -1/113 HPs)
             Began as a Troll Chaos Knight on July 26, 2021.
             Was a Plaything of Xom.
             Slain by a cyan ugly thing (15 damage)
             ... on level 9 of the Dungeon.
             The game lasted 00:33:13 (7999 turns).

Spaninq the Basher (Troll Chaos Knight)             Turns: 7999, Time: 00:33:14

Health: -1/113     AC: 12    Str: 22      XL:     11   Next: 26%
Magic:  10/10      EV:  8    Int: 10      God:    Xom [......]
Gold:   356        SH: 10    Dex:  9 (10) Spells: 10/10 levels left

rFire   . . .      SeeInvis .   c - +4 whip (elec)
rCold   + . .      Faith    .   g - +1 kite shield
rNeg    . . .      Spirit   .   a - +2 robe
rPois   .          Reflect  .   m - +2 hat {Will+}
rElec   .          Harm     .   d - scarf {repulsion}
rCorr   .          Rampage  .   (gloves unavailable)
Will    +....      Rnd*Rage +   (boots unavailable)
Stlth   +.........              (no amulet)
HPRegen 1.28/turn               D - +4 ring of protection
MPRegen 0.12/turn               o - ring of protection from cold

@: studying Axes, repel missiles
A: large, unfitting armour, claws 3, regeneration 1, shaggy fur 1, tough skin 1,
horns 1, berserk 1, clever 1, deterioration 1, weak 1
a: Renounce Religion


You were on level 9 of the Dungeon.
You worshipped Xom.
You were a very special plaything of Xom.
You visited 2 branches of the dungeon, and saw 11 of its levels.
You also visited: Sewer.

You collected 356 gold pieces.

Inventory:

Hand Weapons
 c - a +4 whip of electrocution (weapon)
 j - a +0 hand axe of venom
Missiles
 f - 6 atropa-tipped darts
 i - 7 curare-tipped darts
 q - 6 throwing nets (quivered)
Armour
 a - a +2 robe (worn)
 d - a scarf of repulsion (worn)
 g - a +1 kite shield (worn)
 m - a +2 hat of willpower (worn)
Jewellery
 n - a ring of ice
 o - a ring of protection from cold (right claw)
 v - a ring of fire
 D - a +4 ring of protection (left claw)
Wands
 l - a wand of flame (36)
 x - a wand of mindburst (12)
 C - a wand of polymorph (5)
Scrolls
 e - a scroll of identify
 s - a scroll of blinking
 t - 2 scrolls of enchant armour
 u - a scroll of summoning
 y - a scroll of fear
 A - a scroll of vulnerability {unknown}
Potions
 b - 5 potions of magic
 h - a potion of mutation
 k - a potion of invisibility
 p - a potion of curing
 r - 5 potions of cancellation
 w - a potion of brilliance
 z - a potion of flight
 B - a potion of attraction {unknown}


   Skills:
 + Level 8.6 Fighting
 - Level 12.0 Maces & Flails
 + Level 1.4 Armour
 + Level 2.5 Dodging
 * Level 4.6 Shields
 - Level 3.1 Unarmed Combat


You had 10 spell levels left.
You didn't know any spells.
Your spell library contained the following spells:

 Spells                   Type           Power      Damage    Failure   Level
 Blink                    Tloc           N/A        N/A       82%         2
 Static Discharge         Conj/Air       0%         N/A       82%         2
 Dazzling Flash           Conj/Hex       0%         N/A       96%         3
 Gell's Gravitas          Tloc           0%         N/A       96%         3
 Lesser Beckoning         Tloc           0%         N/A       96%         3
 Teleport Other           Tloc           0%         N/A       96%         3
 Dispel Undead            Necr           0%         3d6       100%        4
 Iskenderun's Mystic Bla  Conj/Tloc      0%         2d3       100%        4
 Sticky Flame             Conj/Fire      0%         2d3       100%        4
 Manifold Assault         Tloc           0%         N/A       100%        5
 Starburst                Conj/Fire      0%         8x6d3     100%        6


Dungeon Overview and Level Annotations

Branches:
Dungeon (10/15)            Temple (1/1) D:5            Lair (0/6) D:8
  Sewer (visited)
    Orc: D:9-12

Altars:
Ashenzari
Cheibriados
Dithmenos
Elyvilon
Fedhas
Gozag
Hepliaklqana
Kikubaaqudgha
Makhleb
Nemelex Xobeh
Okawaru
Qazlal
Ru
Sif Muna
Trog
Uskayaw
Vehumet
Wu Jian
Xom
Yredelemnul
Zin

Shops:
D:4 !

Annotations:
D:4 3 runed translucent doors, dracfodder's ghost, amateur GrEE


Innate Abilities, Weirdness & Mutations

You are too large for most types of armour.
You have claws for hands.
Your natural rate of healing is unusually fast.
You are covered in fur. (AC +1)
You have tough skin. (AC +1)
You have a pair of small horns on your head.
You tend to lose your temper in combat.
Your mind is acute. (Int +2)
Your body sometimes deteriorates upon taking damage.
You are weak. (Str -2)


Message History

You block the cyan ugly thing's attack.
You hit the cyan ugly thing.
The cyan ugly thing is moderately wounded.
The cyan ugly thing gores you but does no damage.
You hit the cyan ugly thing. You headbutt the cyan ugly thing.
The cyan ugly thing is heavily wounded.
You hit the cyan ugly thing.
The cyan ugly thing is heavily wounded.
The cyan ugly thing gores you but does no damage.
You closely miss the cyan ugly thing.
The cyan ugly thing is heavily wounded.
The cyan ugly thing gores you! The cyan ugly thing shocks you!
You hit the cyan ugly thing.
Your headbutt misses the cyan ugly thing.
The cyan ugly thing is heavily wounded.
You hit the cyan ugly thing.
The cyan ugly thing is heavily wounded.
Xom makes a sudden noise!
You hear distant weeping.
The cyan ugly thing gores you but does no damage.
You hit the cyan ugly thing but do no damage.
The cyan ugly thing is heavily wounded.
You hit the cyan ugly thing.
The cyan ugly thing is severely wounded.
You block the cyan ugly thing's attack.
You hit the cyan ugly thing.
The cyan ugly thing is severely wounded.
The cyan ugly thing gores you. The cyan ugly thing shocks you!
You hit the cyan ugly thing.
The cyan ugly thing is severely wounded.
You hit the cyan ugly thing.
The cyan ugly thing is severely wounded.
The cyan ugly thing gores you!
* * * LOW HITPOINT WARNING * * *
The cyan ugly thing shocks you!
* * * LOW HITPOINT WARNING * * *
Your body deteriorates!
You feel clumsy.
You feel better. The cyan ugly thing gores you!
* * * LOW HITPOINT WARNING * * *
The cyan ugly thing shocks you!
You die...

****** *,,,,, *,**** ####### *,*
#.....# ***,###
######******#.....########,,,..#
......,,,,,,+...@u'......#***#.#
######*######.....######.#####.##
#######....####### #.#..##.....
##.........[##########.##.##.#.##
.'...............................
##.........###########.#.......##
...........# ****###.....#.#.#
...........# #.,,#.....#.....#
...........#####).##.#.###.###.##


You could see a cyan ugly thing.

Vanquished Creatures
  Gastronok (D:9)
  Harold (D:8)
  A centaur warrior (D:9)
  A two-headed ogre (D:9)
  Pikel (D:6)
  A hornet (D:8)
  A vampire (D:9)
  7 yaks
  A basilisk (D:8)
  A steam dragon (D:7)
  Edmund (D:6)
  A warg (D:7)
  A water moccasin (D:6)
  2 orc warriors
  2 ogres
  A centaur (D:6)
  A lemure (D:6)
  A phantom (D:6)
  6 kobold brigands
  Blork the orc (D:5)
  2 bullfrogs
  2 gnoll sergeants
  A wyvern zombie (D:6)
  5 scorpions
  2 killer bees (D:8)
  4 howler monkeys
  4 electric eels (D:6)
  A bullfrog zombie (D:7)
  3 centaur zombies
  5 orc priests
  A bullfrog skeleton (D:6)
  2 hounds
  A jelly (D:4)
  2 gnoll shamans
  6 orc wizards
  A hound skeleton (D:5)
  Robin (D:2)
  2 howler monkey zombies
  21 gnolls
  8 adders
  7 river rats
  An ufetubus (D:5)
  A worm (D:2)
  2 dart slugs
  29 orcs
  4 endoplasms
  3 giant cockroaches
  11 goblins
  14 hobgoblins
  6 jackals
  A quokka (D:1)
  12 ball pythons
  4 bats
  3 frilled lizards
  38 kobolds
  29 rats
272 creatures vanquished.

Vanquished Creatures (collateral kills)
  Joseph (D:7)
  2 yaks (D:8)
  2 wargs (D:8)
  A black bear (D:5)
  A kobold brigand (D:5)
  A bullfrog (D:8)
  4 killer bees (D:8)
  A hound (D:7)
  2 orc wizards (D:8)
  A killer bee zombie (D:8)
  An orc (D:8)
17 creatures vanquished.

Vanquished Creatures (others)
  A swamp worm (shapeshifter) (Sewer)
  A bullfrog (Sewer)
  4 adders (Sewer)
  2 white imps (D:6)
  An orc (D:6)
  An endoplasm (Sewer)
  4 ball pythons (Sewer)
  65 plants
79 creatures vanquished.

Grand Total: 368 creatures vanquished

Notes
Turn   | Place    | Note
-------+----------+-------------------------------------------
     0 | D:1      | Spaninq the Troll Chaos Knight began the quest for the Orb.
     0 | D:1      | Reached XP level 1. HP: 22/22 MP: 0/0
   157 | D:1      | Reached XP level 2. HP: 29/29 MP: 1/1
   161 | D:1      | Reached skill level 1 in Maces & Flails
   219 | D:1      | XOM: smoke on damage
   357 | D:1      | XOM: noise
   580 | D:2      | XOM: divination: detect items
   606 | D:2      | XOM: silly message
   634 | D:2      | Reached XP level 3. HP: 34/36 MP: 2/2
   752 | D:2      | Reached skill level 2 in Maces & Flails
   771 | D:2      | XOM: 1-stop teleportation journey
   818 | D:2      | XOM: confuse monster(s)
   823 | D:2      | XOM: 1-stop teleportation journey
   851 | D:2      | XOM: smoke on damage
   905 | D:2      | Noticed Robin
   918 | D:2      | Killed Robin
   919 | D:2      | Reached XP level 4. HP: 41/45 MP: 3/3
  1273 | D:2      | Reached skill level 3 in Maces & Flails
  1302 | D:2      | XOM: chaos upgrade
  1337 | D:3      | Reached XP level 5. HP: 53/53 MP: 4/4
  1525 | D:3      | Reached skill level 4 in Maces & Flails
  1532 | D:3      | Reached XP level 6. HP: 62/62 MP: 5/5
  1606 | D:3      | XOM: 7-stop teleportation journey
  1804 | D:4      | Found a runed translucent gate.
  1804 | D:4      | Found a runed translucent gate.
  1804 | D:4      | Found a runed translucent gate.
  1804 | D:4      | XOM: 2-stop teleportation journey
  1805 | D:4      | Noticed dracfodder's ghost (amateur GrEE)
  1939 | D:4      | XOM is BORED!
  1939 | D:4      | XOM: summons 3 hostile demons
  2001 | D:4      | Found a white marble altar of Elyvilon.
  2063 | D:4      | Reached skill level 5 in Maces & Flails
  2065 | D:4      | XOM: god gift: silver wand {god gift}
  2086 | D:4      | Identified the +8 mace of Tocoocwi {vamp, Drain rPois rC+
                  | rN+}
  2107 | D:4      | Found Xuiwamp's Distillery.
  2377 | D:5      | Entered Level 5 of the Dungeon
  2391 | D:5      | Reached XP level 7. HP: 38/70 MP: 6/6
  2392 | D:5      | Found a shimmering altar of Xom.
  2450 | D:5      | Found a bloodstained altar of Trog.
  2464 | D:5      | XOM: scenery: summon butterflies
  2471 | D:5      | Found a staircase to the Ecumenical Temple.
  2472 | D:5      | XOM: enchant monster (good)
  2473 | D:5      | XOM: 7-stop teleportation journey
  2480 | D:5      | XOM: 4-stop teleportation journey
  2501 | D:5      | XOM: summons 3 friendly demons
  2656 | D:5      | XOM: cleaving
  2666 | D:5      | Reached skill level 6 in Maces & Flails
  2778 | D:5      | Found a glowing drain.
  2797 | D:5      | XOM: smoke on damage
  2811 | Sewer    | Entered a sewer
  2861 | Sewer    | Noticed a glowing shapeshifter
  2861 | Sewer    | a ball python changed into a glowing shapeshifter
  2861 | Sewer    | XOM: polymorph ball python -> glowing shapeshifter
  2861 | Sewer    | Noticed a manticore
  2861 | Sewer    | a glowing shapeshifter changed into a manticore
  2864 | Sewer    | a manticore changed into a swamp worm
  2868 | Sewer    | XOM: smoke on damage
  2872 | Sewer    | HP: 3/71 [swamp worm (glowing shapeshifter) (19)]
  2874 | Sewer    | XOM: summons 4 hostile demons
  2875 | Sewer    | XOM: divine lightning
  3025 | Sewer    | XOM: cloud trail
  3126 | Sewer    | Reached skill level 5 in Fighting
  3254 | Sewer    | XOM: destruction
  3354 | D:5      | Reached XP level 8. HP: 80/80 MP: 7/7
  3365 | Temple   | Entered the Ecumenical Temple
  3525 | D:5      | XOM: smoke on damage
  3527 | D:5      | Reached skill level 7 in Maces & Flails
  3736 | D:5      | Noticed Blork the orc
  3759 | D:5      | Killed Blork the orc
  3764 | D:5      | Found a shimmering blue altar of Sif Muna.
  3871 | D:6      | XOM: give mutations
  3871 | D:6      | Gained mutation: You are weak. (Str -2) [Xom's mischief]
  3871 | D:6      | Gained mutation: You tend to lose your temper in combat.
                  | [Xom's mischief]
  3871 | D:6      | Gained mutation: Your body sometimes deteriorates upon
                  | taking damage. [Xom's mischief]
  3900 | D:6      | XOM: swap monsters
  3905 | D:6      | Reached skill level 8 in Maces & Flails
  3983 | D:6      | Noticed Edmund
  3992 | D:6      | XOM: 1-stop teleportation journey
  3995 | D:6      | XOM: noise
  4007 | D:6      | XOM: enchant monster (bad)
  4056 | D:6      | XOM: enchant monster (bad)
  4234 | D:6      | Reached XP level 9. HP: 77/89 MP: 8/8
  4302 | D:6      | XOM: smoke on damage
  4316 | D:6      | HP: 1/89 [electric eel/bolt of electricity (18)]
  4509 | D:6      | XOM: god gift: 22 stones
  4572 | D:6      | Killed Edmund
  4573 | D:6      | Reached skill level 9 in Maces & Flails
  4786 | D:6      | Noticed Pikel
  4801 | D:6      | Killed Pikel
  4863 | D:6      | XOM: god gift: staff of cold
  5356 | D:7      | Noticed Joseph
  5364 | D:7      | XOM: summons 3 friendly demons
  5378 | D:7      | XOM: smoke on damage
  5385 | D:7      | Killed Joseph
  5386 | D:7      | Reached skill level 10 in Maces & Flails
  5393 | D:7      | XOM: polymorph quasit -> white imp
  5468 | D:7      | Identified a scroll of acquirement
  5468 | D:7      | Acquired a scarf of repulsion
  5855 | D:8      | XOM: summons friendly iron imp
  5928 | D:8      | Noticed Harold
  5928 | D:8      | XOM: fog
  5948 | D:8      | Killed Harold
  5949 | D:8      | Reached skill level 1 in Shields
  5949 | D:8      | Reached XP level 10. HP: 102/102 MP: 9/9
  6005 | D:8      | XOM: give mutations
  6005 | D:8      | Gained mutation: Your mind is acute. (Int +2) [Xom's grace]
  6005 | D:8      | Gained mutation: You have a pair of small horns on your
                  | head. [Xom's grace]
  6056 | D:8      | Found a sparkling altar of Nemelex Xobeh.
  6088 | D:8      | XOM: god gift: wand of mindburst (13)
  6123 | D:8      | Found a staircase to the Lair.
  6132 | D:8      | Reached skill level 11 in Maces & Flails
  6156 | D:8      | Noticed a two-headed ogre
  6387 | D:8      | Found a basalt altar of Yredelemnul.
  6427 | D:8      | Found a stormy altar of Qazlal.
  6459 | D:8      | XOM: 6-stop teleportation journey
  6573 | D:8      | XOM: silly message
  6578 | D:8      | XOM: cast spell 'Death Channel'
  6582 | D:8      | a two-headed ogre changed into a basilisk
  6582 | D:8      | XOM: polymorph two-headed ogre -> basilisk
  6676 | D:8      | XOM: noise
  6891 | D:8      | XOM: summons 3 hostile shadow creatures
  7017 | D:9      | Found a shadowy altar of Dithmenos.
  7029 | D:9      | XOM: stat loss: -1 Int (15/16)
  7042 | D:9      | XOM: noise
  7080 | D:9      | XOM: confusion
  7224 | D:9      | XOM: confusion
  7226 | D:9      | XOM: potion effect (curing)
  7273 | D:9      | XOM: summons 2 hostile demons
  7342 | D:9      | Noticed Gastronok
  7358 | D:9      | XOM: stat loss: -1 Dex (7/10)
  7366 | D:9      | Killed Gastronok
  7367 | D:9      | Reached skill level 12 in Maces & Flails
  7367 | D:9      | Reached XP level 11. HP: 86/113 MP: 10/10
  7552 | D:9      | Noticed a centaur warrior
  7561 | D:9      | Killed a centaur warrior
  7563 | D:9      | XOM: noise
  7575 | D:9      | XOM: silly message
  7579 | D:9      | Noticed a two-headed ogre
  7589 | D:9      | XOM: summons 4 hostile demons
  7619 | D:10     | Entered Level 10 of the Dungeon
  7643 | D:9      | XOM: chaos upgrade
  7669 | D:9      | XOM: stat loss: -1 Int (15/16)
  7700 | D:9      | Killed a two-headed ogre
  7701 | D:9      | Reached skill level 1 in Armour
  7976 | D:9      | Noticed a cyan ugly thing
  7977 | D:9      | XOM: swap monsters
  7993 | D:9      | XOM: noise
  7999 | D:9      | Slain by a cyan ugly thing

Illustrated notes

Levels and vault maps discovered:
D:1:      dpeg_arrival_lava_temple_mockup, layout_rooms, grunt_decor_resistance
D:2:      layout_loops_ring, uniq_robin
D:3:      layout_rooms, supply_closet_lemuel
D:4:      layout_cave_pools, elyvilon_altar_3, serial_shops,
          kennysheep_mini_moat, gammafunk_ghost_necromancy, serial_glass,
          glass_columns_a, glass_columns_a, minivault_23
D:5:      cheibrodos_thug_alley, layout_basic, old_standard_altar,
          mainiacjoe_overflow_chevrons, tgw_sif, minmay_temple_entry_large_hall,
          portal_sewer_entry_b, serial_bayou_crossing
D:6:      layout_loops_ring, serial_bayou, serial_bayou_lagoon_a,
          serial_bayou_shore_a, serial_bayou_pond_d, serial_bayou_lagoon_b,
          uniq_pikel, uniq_edmund
D:7:      layout_layer_cave, uniq_joseph
D:8:      layout_loops_cross, mainiacjoe_overflow_alcove_1,
          mainiacjoe_overflow_small_starburst, mainiacjoe_overflow_alcove_2,
          erik_lair_orcish_takeover, minmay_misc_feat_ornament, uniq_harold
D:9:      layout_basic, grunt_dithmenos_smoke, uniq_gastronok
D:10:     layout_rooms, lemuel_coloured_pillars_altar, serial_shops, shop
Temple:   dshaligram_water_room_temple

Skill      XL: |  1  2  3  4  5  6  7  8  9 10 11 |
---------------+----------------------------------+-----
Maces & Flails | 1 2 3 4 5 6 8 10 12 | 12.0
Fighting       | 3 4 5 6 7 8 |  8.6
Shields        | 1 4 |  4.6
Dodging        | 2 |  2.5
Armour         | 1 |  1.4
Unarmed Combat | |  3.1

Action                   |  1- 3 |  4- 6 |  7- 9 | 10-12 || total
-------------------------+-------+-------+-------+-------++-------
Melee: Whip              |   107 |   193 |   468 |   263 ||  1031
       Unarmed           |    10 |       |       |       ||    10
       Punch             |       |     3 |     6 |     1 ||    10
       Headbutt          |       |       |       |    43 ||    43
Evoke: Wand              |       |       |    11 |     1 ||    12
  Use: Scroll            |     1 |     6 |    14 |     3 ||    24
       Potion            |       |     1 |     5 |     4 ||    10
 Stab: Sleeping          |       |       |     1 |       ||     1
       Distracted        |       |       |       |     2 ||     2
Armor: Robe              |    34 |    67 |   114 |    59 ||   274
Dodge: Dodged            |    54 |    91 |   190 |    55 ||   390
       Repelled          |       |       |     1 |       ||     1
Block: Kite shield       |       |       |       |   102 ||   102

Table legend: (Time is in decaauts)
 A = Elapsed time spent in this place.
 B = Non-inter-level travel time spent in this place.
 C = Inter-level travel time spent in this place.
 D = Time resting spent in this place.
 E = Time spent auto-exploring this place.
 F = Levels seen in this place.
 G = Mean time per level.
                   A        B        C        D        E       F      G
               +--------+--------+--------+--------+--------+-----+--------+
         Total |   8024 |   7722 |    302 |    532 |   4476 |  12 |  668.7 |
       Dungeon |   7383 |   7101 |    282 |    468 |   4265 |  10 |  738.3 |
        Temple |     90 |     70 |     20 |      0 |     69 |   1 |   90.0 |
         Sewer |    550 |    550 |      0 |     64 |    141 |   1 |  550.0 |
               +--------+--------+--------+--------+--------+-----+--------+

Top non-repeatable levels by time:
     D:6: 1343 daAuts
     D:9: 1070 daAuts
     D:8: 932 daAuts
     D:7: 819 daAuts
     D:2: 787 daAuts
     D:5: 757 daAuts
     D:4: 656 daAuts
     D:1: 565 daAuts
   Sewer: 550 daAuts
     D:3: 428 daAuts
  Temple: 90 daAuts
    D:10: 21 daAuts
